Map: Catalyst LE

Players

JuppiJuppsen (Juppi) - Winner!

  • Race: Terran Terran
  • League: Diamond
  • Spawn Location: 5:00

masakieinz

  • Race: Zerg Zerg
  • League: Diamond
  • Spawn Location: 11:00

VOD

Have the link to the VOD?

Description

Time

  • Played on: Feb. 15, 2018, 5:03 a.m.
  • Length: 17:17
Show
View Real Time Build Order
Export as new Build Order

JuppiJuppsen Terran - Winner!

Build Orders: Gas First Reaper Expand, Reaper Expand, Hellion Banshee, Mech 

Get SALT Encoding   

  12  0:01  SCV  
  13  0:13  SCV  
  14  0:22  Supply Depot  
  14  0:25  SCV  
  15  0:29  Refinery  
  15  0:45  Barracks  
  15  0:48  SCV  
  16  1:00  SCV  
  17  1:12  SCV  
  18  1:24  SCV  
  19  1:38  Orbital Command  
  19  1:39  Reaper  
  20  1:57  Command Center  
  20  2:12  Barracks Reactor  
  20  2:14  Factory  
  20  2:20  Supply Depot  
  20  2:27  SCV  
  21  2:34  Refinery  
  21  2:39  SCV  
  22  2:52  SCV  
  23  3:04  SCV  
  24  3:09  Hellion x2  
  24  3:12  Orbital Command  
  28  3:15  Barracks Tech Lab  
  28  3:20  Starport  
  28  3:26  SCV  
  29  3:31  Hellion x2  
  33  3:39  SCV x2  
  35  3:51  SCV  
  36  3:59  Command Center  
  36  4:09  Cloaking Field  
  36  4:11  Viking  
  38  4:19  Hellion x2  
  38  4:20  Supply Depot  
  40  4:41  Hellion x2, Banshee  
  40  4:45  Supply Depot  
  40  4:50  SCV x2  
  42  5:02  Hellion x2, SCV  
  47  5:09  Factory  
  47  5:22  Orbital Command, Supply Depot  
  47  5:24  SCV x2  
  47  5:27  Refinery  
  49  5:36  SCV  
  49  5:37  Hellion x2, SCV  
  49  5:41  Armory  
  55  5:44  Engineering Bay  
  55  5:49  SCV x2  
  57  5:52  Factory Tech Lab  
  57  5:54  Banshee  
  60  5:58  SCV  
  60  6:01  SCV x2, Supply Depot  
  63  6:06  Hellion  
  63  6:10  SCV  
  66  6:13  SCV x2  
  68  6:22  SCV  
  68  6:25  SCV  
  70  6:27  Siege Tank  
  70  6:29  SCV  
  74  6:34  Factory, SCV  
  74  6:35  Armory  
  74  6:36  Banshee  
  74  6:37  Factory  
  78  6:44  SCV x2  
  77  6:48  Refinery  
  77  6:52  Sensor Tower  
  77  6:55  SCV  
  78  7:03  Hellion x2  
  82  7:22  Infernal Pre-Igniter  
  82  7:24  Factory Tech Lab, Command Center, Factory Reactor  
  82  7:31  Terran Vehicle Weapons Level 1  
  82  7:32  Supply Depot  
  82  7:35  Supply Depot  
  82  7:48  Orbital Command  
  82  7:56  Siege Tank  
  82  7:57  Hellion, Refinery  
  82  7:58  Hellion, Supply Depot  
  89  8:00  Refinery  
  89  8:01  Hellion  
  89  8:02  Hellion, Sensor Tower  
  93  8:06  Terran Vehicle And Ship Armor Level 1  
  93  8:10  Supply Depot  
  93  8:15  SCV x3  
  93  8:19  Hellion x2  
  100  8:22  Supply Depot  
  100  8:23  Hellion  
  102  8:27  SCV  
  103  8:45  Siege Tank x2  
  103  8:47  Hellion x2  
  113  8:54  Supply Depot  
  113  8:58  SCV  
  113  8:59  SCV  
  115  9:04  Orbital Command, Factory  
  115  9:06  Factory  
  107  9:17  Siege Tank, Supply Depot  
  107  9:18  Siege Tank  
  113  9:26  Command Center  
  103  9:47  Raven  
  103  9:50  Siege Tank x2  
  103  9:51  Hellion x3  
  117  9:56  Factory Reactor  
  117  9:57  Factory Tech Lab  
  117  10:01  Supply Depot  
  117  10:03  Supply Depot  
  117  10:12  Supply Depot  
  117  10:13  Supply Depot  
  117  10:15  Supply Depot  
  117  10:19  Hellion x2, Siege Tank  
  124  10:22  Terran Vehicle Weapons Level 2, Siege Tank  
  124  10:25  Terran Vehicle And Ship Armor Level 2, Supply Depot  
  124  10:27  Supply Depot  
  127  10:35  Supply Depot  
  127  10:38  Viking  
  127  10:39  Supply Depot  
  129  10:57  Hellion x6  
  133  10:58  Hellion  
  139  11:08  Viking  
  139  11:09  Siege Tank x2  
  126  11:18  Hellion x3  
  106  11:19  Siege Tank  
  106  11:21  Orbital Command  
  106  11:24  SCV x3  
  109  11:41  Thor  
  109  11:46  Siege Tank  
  118  11:51  Siege Tank  
  121  11:58  Hellion x2  
  121  12:00  Orbital Command  
  125  12:15  Hellion x3  
  131  12:18  Siege Tank, Sensor Tower  
  134  12:23  Thor, SCV x3  
  134  12:24  Siege Tank  
  134  12:25  Hellion x3  
  152  12:37  Hellion, Hellbat  
  156  12:50  Siege Tank  
  159  12:56  Viking, Thor  
  162  13:00  SCV x2  
  162  13:01  SCV  
  162  13:02  Starport  
  159  13:15  Refinery  
  159  13:16  Hellion x3  
  159  13:17  Thor  
  159  13:19  Refinery  
  171  13:22  Siege Tank  
  174  13:32  Terran Vehicle Weapons Level 3  
  174  13:39  SCV x2  
  176  13:46  Siege Tank  
  176  13:47  Command Center  
  179  13:54  Siege Tank  
  182  13:57  Starport Reactor  
  182  14:04  Terran Vehicle And Ship Armor Level 3, Starport  
  182  14:19  Viking  
  186  14:38  Hellion  
  186  14:39  Hellion  
  178  14:48  Hellion x3  
  178  14:49  Hellion x4, Viking  
  178  14:52  Viking x2  
  157  15:00  Hellion x2  
  159  15:08  Orbital Command  
  159  15:10  Hellion x5  
  166  15:14  Thor  
  166  15:19  Viking  
  174  15:22  Viking x2  
  174  15:28  Hellion x3  
  184  15:31  Hellion  
  186  15:44  Thor  
  186  15:49  Viking  
  194  15:52  Viking x2  
  192  16:15  Hellion x2  
  196  16:19  Viking  
  196  16:22  Viking  
  198  16:46  Missile Turret x2  
  187  16:48  Missile Turret x2  
Show
View Real Time Build Order
Export as new Build Order

masakieinz Zerg 

Build Orders: Hatch First, Swarm Host 

Get SALT Encoding   

  12  0:02  Drone  
  13  0:14  Overlord  
  13  0:18  Drone  
  14  0:32  Drone x2  
  14  0:33  Extractor  
  16  0:54  Hatchery  
  15  1:09  Spawning Pool  
  14  1:11  Extractor  
  14  1:12  Drone  
  14  1:21  Drone  
  15  1:47  Drone x2  
  17  1:55  Queen  
  17  1:58  Zergling x2  
  20  2:05  Queen  
  20  2:06  Drone  
  20  2:07  Drone  
  24  2:15  Overlord  
  24  2:26  Metabolic Boost  
  23  2:49  Queen  
  25  2:54  Drone  
  25  2:55  Drone  
  25  2:57  Drone  
  25  2:58  Drone x3  
  31  3:06  Pneumatized Carapace  
  31  3:19  Drone x4  
  35  3:21  Overlord  
  35  3:31  Spore Crawler, Drone  
  35  3:35  Overlord  
  35  3:57  Drone  
  35  3:58  Drone x6, Roach Warren  
  41  4:12  Queen  
  41  4:15  Extractor  
  42  4:17  Zergling x2  
  42  4:18  Zergling x8  
  44  4:32  Evolution Chamber  
  37  4:51  Drone  
  37  4:52  Drone x10  
  48  4:57  Lair  
  48  5:03  Burrow  
  48  5:13  Overlord x2  
  48  5:16  Spore Crawler  
  47  5:28  Hatchery  
  47  5:29  Overlord  
  47  5:33  Extractor  
  45  5:36  Evolution Chamber  
  45  5:38  Evolution Chamber  
  45  5:42  Drone x6  
  49  5:56  Roach  
  55  5:57  Roach x4  
  55  6:00  Glial Reconstitution  
  55  6:03  Overlord  
  55  6:04  Overlord  
  59  6:05  Zerg Missile Weapons Level 1  
  59  6:25  Overseer  
  59  6:28  Drone  
  59  6:29  Drone x3, Extractor  
  59  6:30  Roach x4  
  59  6:31  Roach x2  
  74  6:48  Hatchery  
  73  7:00  Drone x12  
  85  7:04  Overlord  
  85  7:16  Overlord x2  
  85  7:22  Spore Crawler  
  84  7:25  Drone x4  
  84  7:26  Tunneling Claws  
  84  7:29  Zerg Ground Armor Level 1  
  88  7:40  Overlord  
  88  7:47  Roach  
  88  7:48  Roach x4  
  98  7:52  Infestation Pit  
  97  8:01  Spine Crawler, Drone x3  
  97  8:02  Spine Crawler, Drone x4, Extractor  
  101  8:08  Roach  
  101  8:09  Roach x4  
  111  8:17  Roach  
  111  8:18  Roach x3  
  119  8:26  Overseer  
  119  8:31  Overlord x2  
  119  8:37  Hive  
  119  8:42  Extractor  
  118  8:56  Hatchery, Drone x3  
  118  8:57  Drone, Overlord x3  
  118  8:59  Drone x10  
  118  9:00  Drone x3  
  118  9:02  Zerg Missile Weapons Level 2  
  121  9:04  Roach  
  121  9:05  Roach x2  
  127  9:22  Roach x9  
  127  9:23  Spine Crawler, Roach x3  
  132  9:24  Spine Crawler  
  120  9:45  Roach  
  120  9:46  Roach x13  
  146  9:53  Viper x2  
  146  9:58  Overlord  
  146  9:59  Overlord x2  
  152  10:12  Zerg Ground Armor Level 2  
  152  10:14  Swarm Host x2  
  158  10:34  Drone  
  158  10:35  Drone x7  
  164  10:36  Overlord x3  
  164  10:39  Adrenal Glands  
  122  11:24  Spine Crawler x2, Drone  
  122  11:25  Hydralisk Den, Drone x4  
  124  11:33  Spire  
  124  11:34  Zerg Missile Weapons Level 3  
  124  11:35  Ultralisk Cavern  
  122  11:52  Viper x2  
  122  11:53  Viper x3  
  137  11:54  Swarm Host x2  
  137  11:58  Zergling x14  
  150  12:03  Drone x2  
  150  12:04  Drone x7  
  150  12:05  Queen, Drone x3  
  164  12:24  Overseer  
  164  12:34  Spine Crawler  
  164  12:35  Spine Crawler, Hydralisk x3  
  164  12:36  Hatchery  
  167  12:37  Grooved Spines  
  167  12:38  Queen  
  167  12:39  Evolution Chamber  
  167  12:41  Evolution Chamber  
  167  12:43  Spine Crawler  
  160  12:45  Corruptor x2  
  160  12:58  Corruptor x2  
  160  12:59  Corruptor x2  
  160  13:03  Drone x4  
  168  13:08  Spore Crawler  
  168  13:09  Spore Crawler  
  162  13:18  Spine Crawler  
  162  13:19  Spine Crawler  
  160  13:20  Spine Crawler  
  160  13:26  Corruptor  
  160  13:27  Corruptor  
  163  13:38  Drone x4  
  167  13:47  Queen  
  169  13:49  Drone x6  
  169  13:50  Drone  
  176  13:59  Zerg Ground Armor Level 3  
  176  14:06  Chitinous Plating, Extractor  
  176  14:08  Drone  
  176  14:09  Drone x2  
  178  14:23  Greater Spire  
  178  14:24  Overlord x4  
  178  14:25  Corruptor  
  113  15:02  Roach, Corruptor x5  
  125  15:18  Corruptor x3  
  131  15:36  Brood Lord x2  
  131  15:37  Brood Lord x5  
  145  15:44  Extractor  
  142  15:53  Roach x4  
  142  15:54  Roach x4  
  141  16:06  Drone x7  
  141  16:08  Roach  
  141  16:09  Roach x5  
  141  16:10  Roach  
  143  16:26  Brood Lord x2  
Tags
 
Add a new tag
Caveats
  • Supply blocks, unpowered buildings, or Contaminate may cause inaccurate times.
  • Supply counts are checked every 10 seconds.